 Dungeon Crawl Stone Soup version 0.23.2-1-ga50397a6bc (webtiles) character file.

Game seed: 11094852863570560401

61 Mrkan the Sneak (level 3, -3/18 HPs)
             Began as a Spriggan Assassin on May 18, 2019.
             Killed by nerve-wracking pain
             ... invoked by Grinder
              (6 damage)
             ... on level 3 of the Dungeon.
             The game lasted 00:05:37 (2759 turns).

Mrkan the Sneak (Spriggan Assassin)                 Turns: 2759, Time: 00:05:37

Health: -3/18      AC:  3    Str:  7    XL:     3   Next: 83%
Magic:  4/4        EV: 18    Int: 12    God:
Gold:   106        SH:  0    Dex: 18    Spells: 2/2 levels left

rFire    . . .     SeeInvis +   a - +2 dagger
rCold    . . .     Gourm    .   (shield restricted)
rNeg     . . .     Faith    .   c - +0 robe
rPois    .         Spirit   .   (helmet restricted)
rElec    .         Reflect  .   d - +0 cloak
rCorr    .         Harm     .   (gloves unavailable)
MR       .....                  (boots unavailable)
Stlth    ++++......             (no amulet)
HPRegen  0.06/turn              (no ring)
MPRegen  0.09/turn              (no ring)

@: very quick
A: very small, unfitting armour, see invisible, herbivore, speed 3, slow
metabolism 2
a: no special abilities


You were on level 3 of the Dungeon.
You were not hungry.

You visited 1 branch of the dungeon, and saw 3 of its levels.

You collected 106 gold pieces.

Inventory:

Hand Weapons
 a - a +2 dagger (weapon)
 b - a +0 blowgun
 o - a cursed -1 short sword
Missiles
 e - 60 poisoned needles
 f - 2 curare-tipped needles
Armour
 c - a +0 robe (worn)
 d - a +0 cloak (worn)
 q - a scarf of spirit shield
Wands
 t - a wand of paralysis (10)
Scrolls
 h - 4 scrolls of identify {unknown}
 i - 3 scrolls of remove curse {unknown}
 j - 2 scrolls of noise {unknown}
 l - a scroll of amnesia {unknown}
 m - a scroll of fog {unknown}
 n - 2 scrolls of fear {unknown}
 p - a scroll of teleportation {unknown}
 u - a scroll of enchant armour {unknown}
Potions
 k - 2 potions of curing
 r - a potion of flight {unknown}
 s - a potion of heal wounds {unknown}
Comestibles
 g - 3 rations


   Skills:
 - Level 1.5 Fighting
 * Level 3.3 Short Blades
 - Level 2.0 Throwing
 + Level 2.7 Dodging
 * Level 7.0 Stealth


You had 2 spell levels left.
You didn't know any spells.
Your spell library was empty.

Dungeon Overview and Level Annotations

Branches:
Dungeon (3/15)

Altars:
Elyvilon
Hepliaklqana
Qazlal
Sif Muna
The Shining One

Annotations:
D:3 Grinder


Innate Abilities, Weirdness & Mutations

You are very small and have problems with some larger weapons.
You are too small for most types of armour.
You have supernaturally acute eyesight. (SInv)
You are a herbivore.
You cover ground extremely quickly.
You need to consume almost no food.


Message History

The orc barely misses you.
Grinder blinks!
The hobgoblin hits you but does no damage.
Grinder hits you but does no damage.
You can move again.
You hit Grinder.
Grinder is lightly wounded.
The hobgoblin hits you but does no damage.
The adder hisses angrily.
You hit Grinder.
Grinder is lightly wounded.
Grinder hits you but does no damage.
The hobgoblin hits you but does no damage.
You hit Grinder.
Grinder is moderately wounded.
You feel less wooden.
Your +0 cloak unmelds from your body.
Your +0 robe unmelds from your body.
Grinder blinks!
Grinder gestures at you. Pain shoots through your body!
You die...

### ######### .. ....
#...#...# # .#S#
##########.##.##.###
...#
#.........##.##.##_# #
###..#
#5.@....###.##.##.## #
#.'..#
###o......##..###..## #!
#.'..####ogĀ§.S.....####
####
#..###.....S.#........#
######
#..#...#..####........##
#..... #''#.#...##
#.........#####.....
og.....###
#####........##.....
#......#
##..###.##.##.....
.......# #..##
#)##.#..)...


You could see Grinder, 2 adders, 2 orcs and a hobgoblin.

Vanquished Creatures
  An ooze (D:1)
  2 worms
  A dart slug (D:1)
  A leopard gecko (D:1)
  2 orcs (D:3)
  5 bats
  4 goblins
  6 hobgoblins
  3 jackals (D:2)
  7 kobolds
  3 quokkas
  A frilled lizard (D:1)
  8 rats
44 creatures vanquished.

Notes
Turn   | Place    | Note
-------+----------+-------------------------------------------
     0 | D:1      | Mrkan the Spriggan Assassin began the quest for the Orb.
     0 | D:1      | Reached XP level 1. HP: 10/10 MP: 2/2
    78 | D:1      | Reached skill level 6 in Stealth
   190 | D:1      | Reached XP level 2. HP: 2/14 MP: 3/3
  1254 | D:2      | Reached XP level 3. HP: 18/18 MP: 4/4
  1878 | D:3      | Found a deep blue altar of Sif Muna.
  1892 | D:3      | Found a glowing golden altar of the Shining One.
  2175 | D:3      | Found a hazy altar of Hepliaklqana.
  2282 | D:3      | Noticed Grinder
  2319 | D:3      | Found a stormy altar of Qazlal.
  2692 | D:3      | Reached skill level 7 in Stealth
  2727 | D:3      | Found a white marble altar of Elyvilon.
  2747 | D:3      | Paralysed by Grinder for 6 turns
  2759 | D:3      | Killed from afar by Grinder

Skill      XL: |  1  2  3 |
---------------+----------+-----
Stealth        | 6 7 |  7.0
Dodging        | 2 |  2.7
Short Blades   | 3 |  3.3
Fighting       | |  1.5
Throwing       | |  2.0

Action                   || total
-------------------------++-------
Melee: Dagger            ||   168
  Use: Potion            ||     1
 Stab: Sleeping          ||    17
Armor: Robe              ||    17
       Skin              ||    13
Dodge: Dodged            ||   122
